Map: Tours du crépuscule

Players

zidar - Winner!

  • Race: Zerg Zerg
  • League: Silver
  • Spawn Location: 7:00

Tetrycy

  • Race: Zerg Zerg
  • League: Silver
  • Spawn Location: 1:00

VOD

Have the link to the VOD?

Description

Time

  • Played on: Dec. 12, 2015, 1:52 p.m.
  • Length: 4:05
Show
View Real Time Build Order
Export as new Build Order

zidar Zerg - Winner!

Build Orders: Pool Only 

Get SALT Encoding   

  12  0:02  Drone  
  13  0:28  Spawning Pool  
  12  0:30  Drone  
  12  0:34  Overlord  
  13  0:38  Drone  
  14  0:49  Extractor  
  13  0:56  Overlord  
  13  1:15  Queen  
  15  1:18  Zergling x2  
  15  1:19  Zergling x4  
  18  1:31  Zergling x2  
  19  1:45  Zergling x2  
  20  1:56  Zergling x2  
  20  1:57  Metabolic Boost  
  21  2:08  Zergling x2  
  22  2:55  Zergling x2  
  22  2:56  Zergling x8  
  27  3:30  Zergling x2  
  27  3:31  Zergling x4  
Show
View Real Time Build Order
Export as new Build Order

Tetrycy Zerg 

Build Orders: Hatch First 

Get SALT Encoding   

  12  0:01  Drone  
  13  0:08  Drone  
  14  0:17  Overlord  
  14  0:24  Extractor, Drone  
  15  0:35  Drone  
  16  0:53  Drone  
  16  0:54  Hatchery  
  16  1:06  Spawning Pool  
  16  1:10  Drone  
  16  1:16  Extractor, Drone  
  16  1:27  Drone  
  17  1:53  Zergling x4  
  17  1:54  Overlord  
  19  1:55  Queen  
  21  2:05  Queen  
  21  2:08  Drone  
  24  2:21  Spine Crawler  
  23  2:24  Drone  
  23  2:28  Drone  
  25  2:32  Drone x3  
  28  2:39  Queen  
  30  2:46  Drone  
  30  2:47  Drone  
  32  2:55  Baneling Nest, Drone  
  32  2:57  Overlord  
  32  3:08  Drone  
  32  3:09  Drone x2  
  32  3:11  Extractor  
  34  3:13  Extractor  
  33  3:28  Zergling x2  
  33  3:29  Zergling x4  
  33  3:30  Overlord  
Tags
 
Add a new tag
Caveats
  • Supply blocks, unpowered buildings, or Contaminate may cause inaccurate times.
  • Supply counts are checked every 10 seconds.